 Dungeon Crawl Stone Soup version 0.28-a0-823-gb444dcf96d (webtiles) character file.

Game seed: 3544715474820002809

16396 croobank the Cleaver (level 12, -32/96 HPs)
             Began as a Minotaur Fighter on Nov 9, 2021.
             Was an Elder of Qazlal.
             Annihilated by a death yak simulacrum (60 damage)
             ... in an ice cave on Nov 10, 2021.
             The game lasted 01:58:18 (17182 turns).

croobank the Cleaver (Minotaur Fighter)            Turns: 17182, Time: 01:58:19

Health: -32/96     AC: 22    Str: 30    XL:     12   Next: 9%
Magic:  25/25      EV:  6    Int:  5    God:    Qazlal [****..]
Gold:   804        SH: 19    Dex: 12    Spells: 25/32 levels left

rFire   + + .      SeeInvis .   a - +1 war axe (protect)
rCold   x . .      Faith    .   S - +0 kite shield
rNeg    + . .      Spirit   .   v - +0 plate armour
rPois   .          Reflect  +   (helmet restricted)
rElec   .          Harm     .   s - +0 cloak
rCorr   .          Rampage  .   B - +0 pair of gloves of Joosa {rF+ rN+ Stlth-}
Will    .....                   (no boots)
Stlth   ..........              b - amulet of reflection
HPRegen 0.26/turn               D - ring of fire
MPRegen 0.19/turn               L - +6 ring of strength

@: under a protective aura, repel missiles
A: horns 2, retaliatory headbutt
a: Renounce Religion, Upheaval, Elemental Force


You were in an ice cave.
You worshipped Qazlal.
Qazlal was greatly pleased with you.
You visited 2 branches of the dungeon, and saw 14 of its levels.
You also visited: Ossuary and Ice Cave.

You collected 804 gold pieces.

Inventory:

Hand Weapons
 a - a +1 war axe of protection (weapon)
 e - a +4 dagger of speed
 f - a +1 halberd
 r - a +4 quarterstaff of chaos
 x - a +5 dagger
 y - a +1 war axe of flaming
 G - a +0 shortbow
 H - a +3 dire flail of protection
 Q - a +1 morningstar
Missiles
 g - 550 stones
 k - 139 arrows
 m - 58 bolts
 p - 70 poisoned darts
 A - 13 boomerangs (quivered)
 F - 2 throwing nets
 P - 5 curare-tipped darts
 T - 2 datura-tipped darts
Armour
 c - a +1 buckler
 s - a +0 cloak (worn)
 v - a +0 plate armour (worn)
 B - the +0 pair of gloves of Joosa (worn) {rF+ rN+ Stlth-}
   (You found it on level 8 of the Dungeon)

   rF:        It protects you from fire.
   rN:        It protects you from negative energy.
   Stlth:     It makes you less stealthy.
 S - a +0 kite shield (worn)
Magical Staves
 J - a staff of earth
 N - a staff of cold
Jewellery
 b - an amulet of reflection (around neck)
 i - a ring of magical power
 D - a ring of fire (left hand)
 K - an amulet of magic regeneration
 L - a +6 ring of strength (right hand)
 O - a ring of flight
 V - a ring of see invisible
Wands
 q - a wand of polymorph (6)
 E - a wand of digging (5)
 M - a wand of paralysis (7)
 X - a wand of acid (9)
Scrolls
 d - 2 scrolls of fog
 h - a scroll of summoning {unknown}
 w - a scroll of enchant armour
 z - a scroll of identify
 I - 3 scrolls of teleportation
 R - a scroll of acquirement {unknown}
 W - a scroll of amnesia
Potions
 j - 2 potions of brilliance
 l - a potion of magic {unknown}
 n - 3 potions of ambrosia
 o - 2 potions of flight
 t - 4 potions of cancellation
 u - 4 potions of lignification
 C - a potion of mutation
 U - a potion of berserk rage {unknown}


   Skills:
 - Level 6.0 Fighting
 + Level 13.2 Axes
 - Level 0.5 Throwing
 - Level 7.1 Armour
 - Level 1.4 Dodging
 - Level 0.3 Stealth
 - Level 4.5 Shields
 * Level 10.7 Spellcasting


You had 25 spell levels left.
You knew the following spells:

 Your Spells              Type           Power      Damage    Failure   Level
a - Ensorcelled Hibernat  Hex/Ice        4%         N/A       100%        2
b - Hailstorm             Conj/Ice       2%         3d3       100%        4
c - Summon Small Mammal   Summ           8%         N/A       99%         1

Your spell library contained the following spells:

 Spells                   Type           Power      Damage    Failure   Level
 Corpse Rot               Necr/Air       4%         N/A       100%        2
 Call Canine Familiar     Summ           2%         N/A       100%        3
 Spider Form              Tmut/Pois      2%         N/A       100%        3
 Summon Guardian Golem    Hex/Summ       2%         N/A       100%        3
 Tukima's Dance           Hex            2%         N/A       100%        3
 Dispel Undead            Necr           2%         3d7       100%        4
 Ice Form                 Ice/Tmut       2%         N/A       100%        4
 Death Channel            Necr           1%         N/A       100%        6
 Simulacrum               Ice/Necr       1%         N/A       100%        6


Dungeon Overview and Level Annotations

Branches:
Dungeon (12/15)            Temple (0/1) D:6            Lair (2/6) D:10
 Shoals (0/4) Lair:2          Orc (0/2) D:10        Ossuary (visited)
  IceCv (1/1)
  Snake: Lair:2-4    Spider: Lair:2-4

Altars:
Ashenzari
Cheibriados
Fedhas
Hepliaklqana
Kikubaaqudgha
Nemelex Xobeh
Qazlal
Ru
Trog
Vehumet
Wu Jian
Zin
The Shining One

Shops:
D:1 (

Annotations:
D:4 exclusion: oklob plant
Lair:1 1 transporter


Innate Abilities, Weirdness & Mutations

You have a pair of horns on your head.
You reflexively headbutt those who attack you in melee.


Message History

Found a wand of acid (9), 21 arrows, a scale mail and 35 gold pieces.
You hear a horrible gurgling sound!
A cane toad simulacrum comes into view.
The cane toad simulacrum is engulfed in blazing flames.
You see here a fizzy puce potion.
You hit the cane toad simulacrum.
Your weapon exudes an aura of protection.
The cane toad simulacrum is almost destroyed.
The cane toad simulacrum hits you but does no damage.
You barely miss the cane toad simulacrum.
You headbutt the cane toad simulacrum, but do no damage.
The cane toad simulacrum is almost destroyed.
You block the cane toad simulacrum's attack.
You slash the cane toad simulacrum!
The cane toad simulacrum vaporises!
Qazlal accepts your kill.
Sorry, you can't auto-travel out of here.
l - a fizzy puce potion
M - a wand of paralysis (7)
You hear a horrible gurgling sound!
You hear a horrible gurgling sound!
X - a wand of acid (9)
A death yak simulacrum comes into view.
You hit the death yak simulacrum but do no damage.
Your weapon exudes an aura of protection.
You headbutt the death yak simulacrum, but do no damage.
The death yak simulacrum gores you! The death yak simulacrum freezes you!!!
You feel a terrible chill!
You slash the death yak simulacrum! You headbutt the death yak simulacrum.
The death yak simulacrum is moderately damaged.
You slash the death yak simulacrum! You headbutt the death yak simulacrum.
The death yak simulacrum is heavily damaged.
The death yak simulacrum gores you but does no damage.
You hit the death yak simulacrum but do no damage.
The death yak simulacrum is heavily damaged.
The death yak simulacrum gores you.
* * * LOW HITPOINT WARNING * * *
The death yak simulacrum freezes you!!!
You feel a terrible chill!
Ouch! That really hurt!
You die...

### ####### #######
... #$[=..## ##.....#
....#(.....###......#
...#.......#.......#
.............∩..∩.#
#Z......#.......#
#@§....###......#
#[....## ##.....#
####### #######


You could see a death yak simulacrum.

Vanquished Creatures
  2 two-headed ogres
  A cyclops (D:12)
  An ugly thing (D:12)
  2 manticores
  2 black mambas
  Maurice (D:9)
  2 cane toads
  A komodo dragon (Lair:2)
  A wind drake (Lair:2)
  3 trolls
  A hornet (D:10)
  Sigmund (D:4)
  A vampire (D:10)
  A shadow (D:5)
  A wyvern (D:7)
  6 yaks
  3 humans (D:7)
  A fire bat (Lair:1)
  2 steam dragons
  7 vampire mosquitoes
  4 wargs (D:10)
  Edmund (D:6)
  An acid dragon (D:10)
  3 water moccasins
  Duvessa (D:7)
  An ice beast (D:5)
  A sky beast (D:6)
  6 orc warriors
  2 black bears
  3 wolves (Lair:1)
  An ogre (D:6)
  A phantom (D:7)
  3 necrophages
  2 centaurs
  4 kobold brigands
  An elf zombie (Ossuary)
  7 bullfrogs
  4 scorpions
  Dowan (D:7)
  A cane toad simulacrum (IceCv)
  3 water moccasin skeletons
  7 killer bees
  10 wights
  A howler monkey (D:5)
  An electric eel (D:9)
  2 jellies
  15 centaur zombies
  A bullfrog skeleton (D:6)
  4 hounds
  A human zombie (D:9)
  7 orc priests
  Crazy Yiuf (D:3)
  Jessica (D:3)
  5 iguanas
  14 orc wizards
  2 gnoll shamans
  Natasha (twice) (D:2)
  7 hell rats
  A killer bee zombie (D:7)
  2 wolf simulacra (IceCv)
  2 mummies (Ossuary)
  3 howler monkey zombies
  15 gnolls
  A howler monkey skeleton (D:4)
  6 adders
  A shadow imp (D:5)
  2 ufetubi
  2 adder zombies (Ossuary)
  4 worms
  4 dart slugs
  44 orcs
  A bat skeleton (D:2)
  8 endoplasms
  2 giant cockroaches
  A gnoll zombie (D:4)
  11 goblins
  12 hobgoblins
  3 quokkas
  11 ball pythons
  6 bats
  3 frilled lizards (D:1)
  A goblin zombie (Ossuary)
  7 hobgoblin zombies (Ossuary)
  3 jackal zombies
  25 kobolds
  11 kobold zombies (Ossuary)
  6 orc zombies (Ossuary)
  2 quokka zombies (D:2)
  6 rats
  4 rat zombies
  A briar patch (Lair:1)
383 creatures vanquished.

Vanquished Creatures (others)
  3 plants (Lair:1)
3 creatures vanquished.

Grand Total: 386 creatures vanquished

Notes
Turn   | Place    | Note
-------+----------+-------------------------------------------
     0 | D:1      | croobank the Minotaur Fighter began the quest for the Orb.
     0 | D:1      | Reached XP level 1. HP: 19/19 MP: 0/0
   319 | D:1      | Reached XP level 2. HP: 26/26 MP: 1/1
   724 | D:1      | Found Zeps's Antique Weapon Shop.
   739 | D:1      | Reached skill level 3 in Axes
  1198 | D:2      | Reached XP level 3. HP: 21/33 MP: 2/2
  1574 | D:2      | Noticed Natasha
  1583 | D:2      | Killed Natasha
  1584 | D:2      | Reached XP level 4. HP: 24/40 MP: 3/3
  1843 | D:2      | Reached skill level 4 in Axes
  2027 | D:2      | Noticed Natasha
  2033 | D:2      | Killed Natasha
  2199 | D:3      | Found a sparkling altar of Nemelex Xobeh.
  2328 | D:3      | Reached XP level 5. HP: 46/46 MP: 4/4
  2530 | D:3      | Found an ornate altar of the Wu Jian Council.
  2673 | D:3      | Found a glowing golden altar of the Shining One.
  2691 | D:3      | Found a snail-covered altar of Cheibriados.
  2976 | D:3      | Noticed Jessica
  2981 | D:3      | Killed Jessica
  2982 | D:3      | Reached skill level 5 in Armour
  3049 | D:3      | Found a sacrificial altar of Ru.
  3063 | D:3      | Learned a level 2 spell: Ensorcelled Hibernation
  3344 | D:3      | Found a runed translucent door.
  3345 | D:3      | Noticed Crazy Yiuf
  3352 | D:3      | Killed Crazy Yiuf
  3353 | D:3      | Reached skill level 5 in Axes
  3589 | D:4      | Reached XP level 6. HP: 53/53 MP: 5/5
  3718 | D:4      | Found a sand-covered staircase.
  3727 | Ossuary  | Entered an ossuary
  3801 | Ossuary  | Reached skill level 6 in Axes
  3908 | Ossuary  | Reached skill level 5 in Fighting
  3914 | Ossuary  | Reached XP level 7. HP: 49/61 MP: 6/6
  4000 | Ossuary  | Reached skill level 7 in Axes
  4057 | D:4      | Found a blossoming altar of Fedhas.
  4078 | D:4      | Noticed an oklob plant
  4318 | D:4      | Found a hazy altar of Hepliaklqana.
  4320 | D:4      | Found a faded altar of an unknown god.
  4855 | D:4      | Noticed Sigmund
  4869 | D:4      | Killed Sigmund
  4870 | D:4      | Reached skill level 1 in Dodging
  5269 | D:5      | Entered Level 5 of the Dungeon
  5330 | D:5      | Reached skill level 8 in Axes
  5662 | D:5      | Reached XP level 8. HP: 69/69 MP: 7/7
  5951 | D:5      | Reached skill level 9 in Axes
  6851 | D:5      | Found a stormy altar of Qazlal.
  6858 | D:5      | Became a worshipper of Qazlal Stormbringer
  6864 | D:5      | Learned a level 4 spell: Hailstorm
  6973 | D:6      | Reached skill level 1 in Spellcasting
  7147 | D:6      | Reached XP level 9. HP: 75/75 MP: 12/12
  7286 | D:6      | Found a staircase to the Ecumenical Temple.
  7642 | D:6      | Reached * piety under Qazlal
  7685 | D:6      | Noticed Edmund
  7699 | D:6      | Killed Edmund
  7862 | D:7      | Reached skill level 5 in Spellcasting
  8012 | D:7      | Learned a level 1 spell: Summon Small Mammal
  8175 | D:7      | Found a bloodstained altar of Trog.
  8294 | D:7      | Noticed Duvessa
  8296 | D:7      | Noticed Dowan
  8313 | D:7      | Killed Duvessa
  8315 | D:7      | Killed Dowan
  8454 | D:7      | Reached ** piety under Qazlal
  8534 | D:8      | Reached XP level 10. HP: 80/82 MP: 18/18
  8700 | D:8      | Identified the +0 pair of gloves of Joosa {rF+ rN+ Stlth-}
  9117 | D:8      | Noticed a two-headed ogre
  9137 | D:8      | Killed a two-headed ogre
  9895 | D:9      | Noticed Maurice
 10305 | D:9      | Killed Maurice
 10550 | D:9      | Reached *** piety under Qazlal
 10691 | D:9      | Found a broken altar of Ashenzari.
 11149 | D:9      | Found an ancient bone altar of Kikubaaqudgha.
 11724 | D:10     | Entered Level 10 of the Dungeon
 11747 | D:9      | Reached XP level 11. HP: 39/89 MP: 23/23
 12377 | D:10     | Found a staircase to the Lair.
 12547 | Lair:1   | Entered Level 1 of the Lair of Beasts
 12629 | Lair:1   | Reached **** piety under Qazlal
 12894 | Lair:1   | Found a transporter.
 12920 | Lair:1   | Found a transporter.
 13086 | Lair:1   | Reached skill level 10 in Spellcasting
 14130 | Lair:2   | Reached skill level 10 in Axes
 14430 | Lair:2   | Noticed a boulder beetle
 14694 | D:10     | Reached skill level 11 in Axes
 14874 | D:10     | Found a radiant altar of Vehumet.
 15117 | D:10     | Paralysed by a hornet for 1 turns
 15125 | D:10     | Found a staircase to the Orcish Mines.
 15712 | D:10     | Found a glowing silver altar of Zin.
 16118 | D:11     | Reached skill level 12 in Axes
 16963 | D:12     | Noticed a cyan ugly thing
 16964 | D:12     | Found a frozen archway.
 16967 | D:12     | Noticed a two-headed ogre
 16974 | D:12     | Killed a cyan ugly thing
 16975 | D:12     | Reached XP level 12. HP: 45/96 MP: 25/25
 16979 | D:12     | Killed a two-headed ogre
 16980 | D:12     | Reached skill level 13 in Axes
 17157 | IceCv    | Entered an ice cave
 17182 | IceCv    | Annihilated by a death yak simulacrum

Illustrated notes

Levels and vault maps discovered:
D:1:      kilobyte_arrival_exit_the_forest, layout_loops_corners, serial_shops,
          shop
D:2:      cheibrodos_greedy_goblins, layout_basic, serial_undead,
          serial_undead_b, serial_undead_a, serial_undead_a, serial_undead_d,
          uniq_natasha
D:3:      layout_basic, nicolae_wu_jian_glorious_leap,
          mainiacjoe_overflow_tiny_flanked, mainiacjoe_overflow_brackets,
          minitemple, uniq_jessica, uniq_crazy_yiuf_cottage
D:4:      cheibrodos_quashed, layout_loops_ring,
          beargit_hepliaklqana_dungeon_heroes, tgw_fedhas, enter_ossuary_3,
          kennysheep_minor_cross, uniq_sigmund
D:5:      layout_loops_corners, nicolae_qazlal_eye_of_the_storm,
          minmay_fractal_squares_diagonal_5
D:6:      layout_rooms, minmay_temple_entry_statues, kennysheep_small_square,
          uniq_edmund
D:7:      layout_basic, kennysheep_little_box, minmay_ruffians, uniq_duvessa
D:8:      layout_rooms
D:9:      layout_basic, cheibrodos_ashenzari_chains,
          lemuel_mausoleum_altar_kikubaaqudgha, uniq_maurice
D:10:     layout_long_grid, mainiacjoe_overflow_swirl,
          erik_lair_orcish_takeover, david_orc_3
D:11:     layout_rooms, kennysheep_pointless_box, minmay_misc_feat_rows
D:12:     layout_basic, portal_ice_cave_entry_pillars_2, enter_bailey_1
Lair:1:   gammafunk_worm_tunnel, layout_small_grid, grunt_megastairs_4,
          serial_bayou_shore_b, lemuel_fruit_fields, lemuel_fruit_fields,
          infiniplex_staircase_pool_2
Lair:2:   nzn_winding_woodlands_cross [nzn_winding_woodlands_5x15_sidewinder,
          nzn_winding_woodlands_5x15_longhouse, nzn_winding_woodlands_5x15_eye,
          nzn_winding_woodlands_5x15_crooked,
          nzn_winding_woodlands_15x15_five_gardens], layout_regular_city,
          minmay_shoals_entry_beasts, evilmike_ambush
          [evilmike_ambush_outer_basic, evilmike_ambush_inner_wall_1]
IceCv:    ice_cave_statue_garden_chambered

Skill      XL: |  1  2  3  4  5  6  7  8  9 10 11 12 |
---------------+-------------------------------------+-----
Armour         | 4 5 6 7 |  7.1
Axes           | 3 4 5 6 8 9 12 13 | 13.2
Fighting       | 4 5 6 |  6.0
Shields        | 4 |  4.5
Dodging        | 1 |  1.4
Spellcasting   | 3 6 9 10 | 10.7
Throwing       | |  0.5
Stealth        | |  0.3

Action                   |  1- 3 |  4- 6 |  7- 9 | 10-12 || total
-------------------------+-------+-------+-------+-------++-------
Melee: War axe           |    87 |   199 |   302 |   455 ||  1043
       Headbutt          |     5 |    41 |    61 |   136 ||   243
Throw: Dart              |       |     1 |    10 |     9 ||    20
       Boomerang         |       |       |       |    12 ||    12
Invok: Upheaval          |       |       |       |     4 ||     4
Evoke: Wand              |       |       |     8 |    26 ||    34
  Use: Scroll            |     1 |     3 |     8 |    12 ||    24
       Potion            |     1 |     1 |     4 |     8 ||    14
 Stab: Paralysed         |       |       |       |     4 ||     4
Armor: Scale mail        |    30 |       |       |       ||    30
       Chain mail        |    18 |    80 |   137 |   224 ||   459
       Plate armour      |       |       |       |    38 ||    38
Dodge: Dodged            |    52 |    56 |    84 |   161 ||   353
Block: Buckler           |    15 |    38 |    83 |   164 ||   300
       Kite shield       |       |       |       |   224 ||   224
       Reflection        |       |       |       |     5 ||     5

Table legend: (Time is in decaauts)
 A = Elapsed time spent in this place.
 B = Non-inter-level travel time spent in this place.
 C = Inter-level travel time spent in this place.
 D = Time resting spent in this place.
 E = Time spent auto-exploring this place.
 F = Levels seen in this place.
 G = Mean time per level.
                   A        B        C        D        E       F      G
               +--------+--------+--------+--------+--------+-----+--------+
         Total |  17327 |  16921 |    406 |   5138 |   8292 |  16 | 1082.9 |
       Dungeon |  15027 |  14667 |    360 |   4076 |   7669 |  12 | 1252.2 |
          Lair |   1969 |   1924 |     45 |   1062 |    497 |   2 |  984.5 |
       Ossuary |    305 |    305 |      0 |      0 |    125 |   1 |  305.0 |
      Ice Cave |     25 |     25 |      0 |      0 |      0 |   1 |   25.0 |
               +--------+--------+--------+--------+--------+-----+--------+

Top non-repeatable levels by time:
     D:9: 1816 daAuts
    D:10: 1770 daAuts
  Lair:1: 1769 daAuts
     D:8: 1702 daAuts
     D:5: 1684 daAuts
     D:4: 1543 daAuts
     D:3: 1291 daAuts
     D:1: 1162 daAuts
    D:11: 1154 daAuts
     D:2: 1075 daAuts
     D:6: 891 daAuts
     D:7: 668 daAuts
 Ossuary: 305 daAuts
    D:12: 267 daAuts
  Lair:2: 200 daAuts
